Map: Overgrown Facility

Players

Tanua

  • Race: Protoss Protoss
  • Spawn Location: 3:00

Hulk

  • Race: Protoss Protoss
  • League: Platinum
  • Spawn Location: 1:00

MonstroTown

  • Race: Terran Terran
  • Spawn Location: 7:00

Michael

  • Race: Zerg Zerg
  • League: Gold
  • Spawn Location: 9:00

VOD

Have the link to the VOD?

Description

Time

  • Played on: Sept. 27, 2018, 6:36 p.m.
  • Length: 10:33
Show
View Real Time Build Order
Export as new Build Order

Tanua Protoss 

Build Orders:  

Get SALT Encoding   

  12  0:03  Probe  
  13  0:15  Probe  
  14  0:22  Pylon  
  14  0:27  Probe  
  15  0:40  Probe  
  16  0:46  Gateway  
  16  0:58  Probe  
  17  1:10  Forge  
  17  1:24  Probe  
  18  1:27  Assimilator  
  18  1:36  Probe  
  18  1:37  Cybernetics Core  
  19  1:41  Pylon  
  19  1:48  Probe  
  20  1:55  Assimilator  
  20  1:56  Probe  
  21  2:06  Zealot  
  23  2:21  Photon Cannon  
  23  2:33  Zealot  
  25  2:48  Warp Gate  
  25  3:07  Twilight Council  
  25  3:20  Pylon  
  25  3:25  Zealot  
  27  3:27  Charge  
  27  3:31  Gateway  
  27  3:54  Gateway  
  27  4:01  Gateway  
  27  4:09  Zealot  
  29  4:20  Zealot  
  29  4:24  Protoss Ground Weapons Level 1  
  33  4:40  Probe  
  34  4:52  Probe  
  33  4:58  Zealot x2  
  33  4:59  Zealot  
  39  5:08  Pylon  
  39  5:13  Pylon  
  39  5:27  Photon Cannon  
  39  5:29  Photon Cannon  
  39  5:33  Zealot x3  
  39  5:34  Zealot  
  37  7:15  Zealot  
  37  7:16  Zealot x2  
  37  7:17  Zealot  
  31  7:30  Nexus  
  31  7:33  Protoss Ground Weapons Level 2  
  31  7:37  Zealot x2  
  31  7:38  Zealot x2  
  39  7:45  Gateway  
  39  7:52  Pylon  
  39  7:54  Pylon  
  39  7:59  Zealot x3  
  39  8:00  Zealot  
  47  8:22  Zealot x4  
  41  9:02  Zealot x3  
  45  9:03  Zealot  
  45  9:09  Photon Cannon  
  49  9:11  Photon Cannon  
  49  9:35  Zealot x3  
  55  9:48  Probe  
  55  9:51  Probe  
  57  10:00  Probe  
  46  10:12  Probe  
  48  10:33  Zealot x2  
Show
View Real Time Build Order
Export as new Build Order

Hulk Protoss 

Build Orders:  

Get SALT Encoding   

  12  0:02  Probe  
  13  0:14  Probe  
  14  0:21  Pylon  
  14  0:26  Probe  
  15  0:32  Assimilator  
  15  0:39  Probe  
  16  0:46  Gateway  
  16  0:51  Probe  
  17  1:04  Probe  
  18  1:05  Assimilator  
  18  1:16  Probe, Forge  
  19  1:28  Probe  
  20  1:37  Cybernetics Core  
  20  1:40  Probe  
  21  1:52  Probe  
  21  1:53  Pylon  
  22  2:10  Probe  
  22  2:11  Zealot  
  25  2:16  Stargate  
  25  2:25  Stargate  
  25  2:46  Photon Cannon  
  25  3:12  Void Ray  
  29  3:34  Shield Battery  
  29  3:40  Pylon  
  29  3:58  Void Ray  
  33  4:04  Void Ray  
  37  4:20  Nexus  
  37  4:30  Probe  
  38  4:42  Probe  
  39  4:48  Pylon  
  39  4:56  Void Ray, Pylon  
  39  5:00  Void Ray  
  47  5:34  Probe x2  
  49  5:39  Void Ray  
  49  6:29  Void Ray x2  
  49  6:31  Probe x2  
  59  6:50  Probe x2  
  61  7:02  Probe x2  
  63  7:10  Assimilator  
  63  7:12  Void Ray  
  63  7:14  Probe x2  
  69  7:15  Assimilator  
  69  7:26  Probe  
  70  7:35  Pylon  
  70  7:38  Stargate  
  70  7:47  Stargate  
  70  7:53  Void Ray  
  70  7:58  Probe x2  
  76  8:10  Probe x2  
  78  9:08  Pylon  
  78  9:10  Pylon  
  78  9:15  Pylon  
  78  9:19  Pylon  
  78  9:22  Fleet Beacon  
  78  9:25  Void Ray x2  
  78  9:28  Void Ray  
  90  9:32  Void Ray  
Show
View Real Time Build Order
Export as new Build Order

MonstroTown Terran 

Build Orders: Reaper Expand, MMM Bio 

Get SALT Encoding   

  12  0:01  SCV  
  13  0:13  SCV  
  14  0:18  Supply Depot  
  14  0:25  SCV  
  15  0:39  SCV  
  15  0:41  Barracks  
  16  0:47  Refinery  
  16  0:51  SCV  
  17  1:03  SCV  
  18  1:16  SCV  
  19  1:29  Orbital Command  
  19  1:30  Reaper  
  20  1:44  Command Center  
  20  1:56  SCV  
  21  2:08  SCV  
  21  2:10  Supply Depot  
  21  2:14  Marine  
  23  2:20  Factory  
  23  2:32  SCV  
  23  2:34  Marine  
  25  2:44  SCV  
  26  2:48  Barracks x2  
  26  2:52  Marine  
  26  2:54  Engineering Bay  
  26  2:57  SCV  
  26  3:08  Factory Tech Lab  
  26  3:12  Orbital Command  
  26  3:17  Refinery  
  26  3:29  Siege Tank  
  26  3:31  Barracks Tech Lab  
  29  3:35  SCV  
  30  3:43  Missile Turret  
  30  3:46  SCV  
  31  3:49  Missile Turret  
  31  3:57  Barracks Reactor  
  31  3:59  Stimpack  
  33  4:03  Marauder  
  33  4:09  SCV x2  
  35  4:13  Barracks Reactor  
  35  4:20  Refinery  
  35  4:21  SCV x2  
  37  4:31  Refinery  
  37  4:36  Starport  
  37  4:39  Marine x3  
  40  4:46  Terran Infantry Weapons Level 1  
  40  4:50  Barracks  
  40  4:52  SCV  
  41  4:53  Barracks  
  41  4:57  Marine  
  41  4:58  SCV  
  43  5:04  SCV  
  44  5:07  Reaper  
  44  5:10  SCV  
  46  5:22  Supply Depot  
  46  5:26  SCV x2, Medivac  
  50  5:36  Marine x2  
  50  5:37  Missile Turret, Marine  
  52  5:49  Marine x3  
  54  5:50  Marine  
  54  5:55  Marine x3  
  57  6:16  Marine x6  
  57  6:17  Marine  
  52  6:28  Combat Shields  
  52  6:33  Marine  
  52  6:34  SCV, Marine x5  
  59  6:43  Marine  
  60  6:51  Marine  
  60  6:52  Marine x4  
  60  6:53  SCV x2  
  67  7:23  Marine x3  
  70  7:31  Marine x2  
  70  7:32  Siege Tank, Supply Depot, Marauder  
  70  7:37  Marine  
  78  7:49  Supply Depot  
  78  7:50  Terran Infantry Armor Level 1  
  78  7:51  Supply Depot  
  78  7:53  Marine  
  78  7:54  Marauder  
  81  8:02  Marine x3  
  84  8:11  Marine x2  
  84  8:12  Marine  
  69  8:58  Marine x5  
  69  8:59  Marine  
  69  9:02  Medivac  
  73  9:03  Siege Tank  
  76  9:12  Barracks  
  76  9:14  Barracks  
  76  9:15  Starport  
  76  9:17  Armory  
  76  9:21  Marine x4  
  80  9:40  Marine x6  
  80  9:41  Marine  
  87  9:57  Marine  
  87  9:58  Marine  
  76  10:08  Marine x3  
  76  10:09  Marine x2  
Show
View Real Time Build Order
Export as new Build Order

Michael Zerg 

Build Orders: Hatch First 

Get SALT Encoding   

  12  0:01  Drone  
  13  0:12  Overlord  
  13  0:17  Drone  
  14  0:31  Drone x2  
  14  0:34  Drone  
  17  0:45  Drone  
  18  0:58  Hatchery  
  18  1:01  Drone  
  18  1:06  Extractor, Drone  
  18  1:20  Spawning Pool  
  18  1:22  Drone  
  18  1:29  Drone  
  19  1:39  Drone  
  20  1:49  Overlord  
  20  2:06  Queen  
  22  2:11  Metabolic Boost  
  22  2:12  Queen  
  22  2:13  Zergling x4  
  26  2:17  Zergling x2  
  27  2:23  Zergling x4  
  29  2:32  Drone  
  29  2:34  Drone  
  31  2:42  Extractor, Drone  
  31  2:50  Queen  
  32  2:55  Queen  
  34  3:01  Overlord  
  30  3:23  Drone x7  
  36  3:41  Spore Crawler  
  35  3:42  Spore Crawler  
  35  3:43  Drone x2  
  35  3:44  Spore Crawler  
  35  3:45  Drone  
  36  3:50  Drone  
  36  3:51  Drone  
  36  3:54  Drone  
  39  4:09  Lair  
  39  4:11  Queen  
  41  4:24  Drone  
  42  4:25  Drone  
  42  4:26  Hatchery  
  42  4:28  Drone  
  43  4:34  Overlord  
  43  4:36  Overlord  
  43  4:44  Evolution Chamber  
  42  4:52  Drone  
  43  4:53  Drone x5  
  43  4:57  Overlord  
  48  5:01  Extractor  
  48  5:03  Extractor  
  48  5:05  Spore Crawler  
  45  5:10  Spore Crawler  
  44  5:30  Hydralisk Den  
  44  5:31  Zerg Ground Armor Level 1  
  43  5:37  Evolution Chamber  
  43  5:42  Overlord x3  
  42  5:43  Overlord  
  42  5:50  Zergling x12  
  42  5:52  Zergling x2  
  42  5:54  Zergling x2  
  42  5:56  Zergling x2  
  49  6:01  Zergling x4  
  49  6:02  Zergling x2  
  35  6:15  Drone x4  
  35  6:17  Drone  
  34  6:22  Zergling x2  
  34  6:24  Zergling x2  
  35  6:27  Zergling x2  
  29  6:35  Zergling x4  
  29  6:37  Zergling x2  
  29  6:40  Zergling x2  
  29  6:43  Zergling x2  
  31  6:48  Zergling x2  
  31  6:50  Zergling x2  
  31  6:53  Zergling x2  
  32  7:07  Zergling x6  
  22  7:42  Hatchery  
  22  7:58  Drone x3  
  24  8:10  Drone  
  24  8:12  Hatchery  
  17  8:53  Drone x3  
  18  8:56  Drone  
  19  9:03  Queen  
  19  9:04  Queen  
  19  9:08  Drone x2  
  25  9:17  Drone x2  
  26  9:24  Queen  
  27  9:28  Drone x2  
  27  9:29  Drone  
  32  9:43  Zergling x6  
  35  9:51  Roach Warren  
Tags
 
Add a new tag
Caveats
  • Supply blocks, unpowered buildings, or Contaminate may cause inaccurate times.
  • Supply counts are checked every 10 seconds.